 Dungeon Crawl Stone Soup version 0.26-a0-752-gcff87cac9a (webtiles) character file.

Game seed: 6703447952521342257

34 Descartes the Chiller (level 3, -3/24 HPs)
             Began as a Barachi Ice Elementalist on Nov 6, 2020.
             Killed from afar by Sigmund (4 damage)
             ... with a magic dart
             ... on level 2 of the Dungeon.
             The game lasted 00:02:53 (1470 turns).

Descartes the Chiller (Barachi Ice Elementalist)    Turns: 1470, Time: 00:02:54

Health: -3/24      AC:  2    Str: 10    XL:     3   Next: 31%
Magic:  2/7        EV: 13    Int: 15    God:
Gold:   86         SH:  0    Dex: 12    Spells: 6/7 levels left

rFire    . . .     SeeInvis .   (no weapon)
rCold    . . .     Faith    .   (no shield)
rNeg     . . .     Spirit   .   a - +0 robe
rPois    .         Reflect  .   (no helmet)
rElec    .         Harm     .   (no cloak)
rCorr    .         Rampage  .   (no gloves)
MR       .....                  (no boots)
Stlth    ++........             (no amulet)
HPRegen  0.08/turn              (no ring)
MPRegen  0.10/turn              (no ring)

@: can't hop, very slightly contaminated, slow
A: +LOS, swims, slowness 1, strong legs 1
a: Hop


You were on level 2 of the Dungeon.
You visited 1 branch of the dungeon, and saw 2 of its levels.

You collected 86 gold pieces.

Inventory:

Missiles
 f - 29 poisoned darts (quivered)
 g - 9 stones
Armour
 a - a +0 robe (worn)
Scrolls
 b - a scroll of teleportation {unknown}
 d - 2 scrolls of identify {unknown}
 e - a scroll of fear {unknown}
 i - a scroll of magic mapping {unknown}
Potions
 c - a potion of mutation {unknown}
 h - a potion of heal wounds {unknown}
 j - a potion of resistance {unknown}


   Skills:
 + Level 2.9 Dodging
 - Level 1.7 Stealth
 + Level 2.8 Spellcasting
 + Level 5.3 Ice Magic


You had 6 spell levels left.
You knew the following spells:

 Your Spells              Type           Power        Failure   Level
a - Freeze                Ice            ###.         2%          1

Your spell library contained the following spells:

 Spells                   Type           Power        Failure   Level
 Frozen Ramparts          Ice            ###...       7%          3
 Ozocubu's Armour         Ice            ###.....     7%          3
 Hailstorm                Conj/Ice       ##......     56%         4
 Summon Ice Beast         Ice/Summ       ##......     56%         4


Dungeon Overview and Level Annotations

Branches:
Dungeon (2/15)

Altars:

Annotations:
D:2 Sigmund


Innate Abilities, Weirdness & Mutations

You can be seen from farther away. (+LOS)
You can swim through water.
You cover ground slowly.
You can hop short distances.


Message History

Press: ? - help, Shift-Dir - straight line, f/p - Sigmund
Aim: Sigmund, wielding a +0 scythe and wearing a +0 robe (moderately wounded, strong)
You freeze Sigmund.
Sigmund is moderately wounded.
Casting: Freeze (safe; 2% risk of failure)
Confirm with . or Enter, or press ? or * to list all spells.
Aiming: Freeze (safe; 2% risk of failure)
Press: ? - help, Shift-Dir - straight line, f/p - Sigmund
Aim: Sigmund, wielding a +0 scythe and wearing a +0 robe (moderately wounded, strong)
You miscast Freeze.
You are very lightly contaminated with residual magic.
Nothing appears to happen.
Sigmund hits you with a +0 scythe!
Ouch! That really hurt!
* * * LOW HITPOINT WARNING * * *
Unknown command.
Press: ? - help, Dir - move target cursor, p - Sigmund Boing!
Sigmund gestures at you while chanting. The magic dart hits you.
You die...

######
#<...#
####.# #.#
########.#
#..@○@...#
#.########


You could see Sigmund (strong).

Vanquished Creatures
  A dart slug (D:1)
  2 leopard geckos (D:1)
  A giant cockroach (D:1)
  5 goblins (D:1)
  4 hobgoblins (D:1)
  3 jackals (D:1)
  A kobold (D:1)
  4 bats (D:1)
  A frilled lizard (D:2)
  6 rats (D:1)
28 creatures vanquished.

Notes
Turn   | Place    | Note
-------+----------+-------------------------------------------
     0 | D:1      | Descartes the Barachi Ice Elementalist began the quest for
                  | the Orb.
     0 | D:1      | Reached XP level 1. HP: 13/13 MP: 3/3
   307 | D:1      | Reached skill level 5 in Ice Magic
   386 | D:1      | Reached XP level 2. HP: 19/19 MP: 3/5
   786 | D:1      | Reached XP level 3. HP: 24/24 MP: 1/7
  1461 | D:2      | Noticed Sigmund
  1469 | D:2      | HP: 1/24 [Sigmund/+0 scythe (15)]
  1470 | D:2      | Killed from afar by Sigmund

Illustrated notes

Levels and vault maps discovered:
D:1:      lemuel_arrival_funnel, layout_loops_ring, minmay_tree_intersection
D:2:      layout_basic, uniq_sigmund, uniq_terence

Skill      XL: |  1 |
---------------+----+-----
Ice Magic      | 5 |  5.3
Dodging        | |  2.9
Stealth        | |  1.7
Spellcasting   | |  2.8

Action                   || total
-------------------------++-------
Melee: Unarmed           ||    13
 Cast: Freeze            ||    42
 Abil: Hop               ||     2
Armor: Robe              ||     5
Dodge: Dodged            ||    27

Table legend: (Time is in decaauts)
 A = Elapsed time spent in this place.
 B = Non-inter-level travel time spent in this place.
 C = Inter-level travel time spent in this place.
 D = Time resting spent in this place.
 E = Time spent auto-exploring this place.
 F = Levels seen in this place.
 G = Mean time per level.
                   A        B        C        D        E       F      G
               +--------+--------+--------+--------+--------+-----+--------+
         Total |   1600 |   1556 |     44 |      0 |   1361 |   2 |  800.0 |
       Dungeon |   1600 |   1556 |     44 |      0 |   1361 |   2 |  800.0 |
               +--------+--------+--------+--------+--------+-----+--------+

Top non-repeatable levels by time:
     D:1: 1583 daAuts
     D:2: 16 daAuts
